 Dungeon Crawl Stone Soup version 0.21.0-3-g78d12a8 (webtiles) character file.

86 theswoord the Bolt Thrower (level 4, 0/38 HPs)
             Began as a Naga Arcane Marksman on Jan 10, 2018.
             Slain by a bat (1 damage)
             ... on level 2 of the Dungeon.
             The game lasted 00:02:38 (1258 turns).

theswoord the Bolt Thrower (Naga Arcane Marksman)   Turns: 1258, Time: 00:02:38

Health: 0/38       AC:  2    Str: 17    XL:     4   Next: 49%
Magic:  5/5        EV: 10    Int: 14    God:
Gold:   18         SH:  0    Dex: 12    Spells: 4/5 levels left

rFire    . . .     SeeInvis +   a - +1 hand crossbow
rCold    . . .     Gourm    .   (no shield)
rNeg     . . .     Faith    .   e - +0 robe
rPois    +         Spirit   .   (no helmet)
rElec    .         Reflect  .   (no cloak)
rCorr    .         Harm     .   (no gloves)
MR       .....                  (no barding)
Stlth    +.........             (no amulet)
HPRegen  0.12/turn              (no ring)
MPRegen  0.09/turn              (no ring)

@: mighty, berserk cooldown, slowed, very slow
A: large, see invisible, deformed body, poison resistance, slowness 2, slow
metabolism 1, spit poison 1, AC +1
a: Spit Poison


You were on level 2 of the Dungeon.
You were not hungry.

You visited 1 branch of the dungeon, and saw 2 of its levels.

You collected 18 gold pieces.

Inventory:

Hand Weapons
 a - a +1 hand crossbow (weapon)
Armour
 e - a +0 robe (worn)
 g - a +0 pair of gloves
Jewellery
 l - an uncursed ring of magical power {unknown}
Books
 c - a book of Debilitation

   Spells                             Type                      Level
   a - Corona                         Hexes                        1
   b - Slow                           Hexes                        2
   c - Inner Flame                    Hexes/Fire                   3
   d - Portal Projectile              Hexes/Translocation          3
   e - Cause Fear                     Hexes                        4
   f - Leda's Liquefaction            Hexes/Earth                  4
Comestibles
 f - 2 rations


   Skills:
 - Level 1.0 Fighting
 + Level 4.2 Crossbows
 - Level 1.5 Dodging
 - Level 1.0 Spellcasting
 - Level 3.0 Hexes


You had 4 spell levels left.
You knew the following spells:

 Your Spells              Type           Power        Failure   Level  Hunger
a - Corona                Hex            #......      8%          1    ##.....


Dungeon Overview and Level Annotations

Branches:
Dungeon (2/15)

Altars:


Innate Abilities, Weirdness & Mutations

You cannot wear boots.
Your serpentine skin is tough. (AC +1)
You have supernaturally acute eyesight. (SInv)
Armour fits poorly on your strangely shaped body.
Your system is resistant to poisons. (rPois)
You cover ground very slowly.
You have a slow metabolism.
You can spit poison.


Message History

The kobold barely misses you. The worm bites you. The kobold hits you.
You clumsily bash the worm but do no damage.
The bat hits you but does no damage. The kobold hits you. The worm bites you!
* * * LOW HITPOINT WARNING * * *
The kobold hits you.
* * * LOW HITPOINT WARNING * * *
The worm bites you.
* * * LOW HITPOINT WARNING * * *
It was a potion of might.
You feel very mighty all of a sudden. The bat hits you but does no damage.
The kobold hits you.
* * * LOW HITPOINT WARNING * * *
The worm bites you.
* * * LOW HITPOINT WARNING * * *
You hit the kobold!
You kill the kobold!
The bat hits you but does no damage. The worm bites you.
* * * LOW HITPOINT WARNING * * *
You barely miss the worm. The bat hits you.
You die...

.........#
.........#
.........#
.........#
.........###
...........
.......b†#
......w@.#
....$....#
.#.###.....
#######


You could see a worm and a bat.

Vanquished Creatures
  Jessica (D:2)
  An adder (D:2)
  An ooze (D:1)
  A dart slug (D:1)
  11 hobgoblins
  6 jackals (D:1)
  7 kobolds
  A ball python (D:1)
  6 bats (D:1)
  A frilled lizard (D:1)
  4 goblins (D:1)
  A rat (D:1)
41 creatures vanquished.

Notes
Turn   | Place    | Note
-------+----------+-------------------------------------------
     0 | D:1      | theswoord the Naga Arcane Marksman began the quest for the Orb.
     0 | D:1      | Reached XP level 1. HP: 18/18 MP: 2/2
    31 | D:1      | Reached skill level 2 in Crossbows
   157 | D:1      | Reached XP level 2. HP: 25/25 MP: 3/3
   386 | D:1      | Reached skill level 3 in Crossbows
   401 | D:1      | Reached XP level 3. HP: 31/31 MP: 4/4
  1032 | D:2      | Reached XP level 4. HP: 21/38 MP: 5/5
  1241 | D:2      | Noticed Jessica
  1247 | D:2      | Killed Jessica
  1247 | D:2      | Reached skill level 4 in Crossbows
  1257 | D:2      | HP: 1/38 [worm (1)]
  1258 | D:2      | Slain by a bat

Skill      XL: |  1  2  3  4 |
---------------+-------------+-----
Crossbows      | 2 3 4 |  4.2
Fighting       | |  1.0
Dodging        | |  1.5
Spellcasting   | |  1.0
Hexes          | |  3.0

Action                   |  1- 3 |  4- 6 || total
-------------------------+-------+-------++-------
Melee: Hand crossbow     |       |    12 ||    12
 Fire: Hand crossbow     |    80 |     1 ||    81
  Use: Scroll            |       |     5 ||     5
       Potion            |       |     2 ||     2
Armor: Robe              |     5 |     9 ||    14
Dodge: Dodged            |    14 |    30 ||    44

Vault maps used:
D:1:      dpeg_arrival_lava_altar
D:2:      nicolae_overflow_hidden_temple, makhleb_heckhound_becter,
          first_ration, uniq_sigmund, uniq_jessica
